 Dungeon Crawl Stone Soup version 0.20.1-1-g8b1a95d (webtiles) character file.

387 Jannitor the Ogre Mage (level 6, -6/63 HPs)
             Began as an Ogre Ice Elementalist on July 4, 2017.
             Was an Initiate of Okawaru.
             Mangled by an ogre
             ... wielding a cursed +0 giant club
              (21 damage)
             ... on level 4 of the Dungeon.
             The game lasted 00:06:10 (4934 turns).

Jannitor the Ogre Mage (Ogre Ice Elementalist)      Turns: 4934, Time: 00:06:11

Health: -6/63      AC:  8    Str: 13    XL:     6   Next: 78%
Magic:  3/13       EV: 10    Int: 18    God:    Okawaru [......]
Gold:   146        SH:  0    Dex:  9    Spells: 11/15 levels left

rFire    . . .     SeeInvis .   h - +2 whip (drain)
rCold    . . .     Gourm    .   (no shield)
rNeg     . . .     Faith    .   a - +0 robe
rPois    .         Spirit   .   (helmet restricted)
rElec    .         Reflect  .   (no cloak)
rCorr    .         Harm     .   (gloves unavailable)
MR       +....                  (boots unavailable)
Stlth    +.........             (no amulet)
Regen    0.2/turn               e - ring of protection from magic
MPRegen  0.2/turn               (no ring)

@: icy armour, slow
A: unfitting armour, tough skin 1
a: Renounce Religion


You were on level 4 of the Dungeon.
You worshipped Okawaru.
Okawaru was noncommittal.
You were not hungry.

You visited 2 branches of the dungeon, and saw 5 of its levels.

You collected 146 gold pieces.

Inventory:

Hand Weapons
 h - a +2 whip of draining (weapon)
Missiles
 t - a throwing net (quivered)
Armour
 a - a +0 robe (worn)
 d - a +0 buckler
Jewellery
 e - a ring of protection from magic (left hand)
Wands
 y - a wand of digging (8/24)
Scrolls
 g - a scroll of immolation {unknown}
 k - 3 scrolls of teleportation {unknown}
 n - 2 scrolls of identify {unknown}
 p - a scroll of remove curse {unknown}
 q - a scroll of enchant weapon {unknown}
 r - a scroll of noise {unknown}
 s - a scroll of enchant armour {unknown}
 u - a scroll of amnesia {unknown}
Potions
 f - 5 potions of heal wounds {unknown}
 i - a potion of resistance {unknown}
 j - 2 potions of curing {unknown}
 l - a potion of haste {unknown}
 m - a potion of mutation {unknown}
 o - a potion of might {unknown}
 w - a potion of agility {unknown}
 x - a potion of lignification {unknown}
Books
 b - a book of Frost

   Spells                             Type                      Level
   a - Freeze                         Ice                          1
   b - Throw Frost                    Conjuration/Ice              2
   c - Ozocubu's Armour               Charms/Ice                   3
   d - Throw Icicle                   Conjuration/Ice              4
   e - Summon Ice Beast               Ice/Summoning                4
Comestibles
 c - 4 bread rations
 v - 4 fruits


   Skills:
 + Level 4.6 Fighting
 - Level 1.7 Dodging
 - Level 1.4 Stealth
 + Level 5.1 Spellcasting
   Level 0.8 Conjurations
 + Level 4.3 Ice Magic


You had 11 spell levels left.
You knew the following spells:

 Your Spells              Type           Power        Failure   Level  Hunger
a - Freeze                Ice            ###.         2%          1    None
b - Ozocubu's Armour      Chrm/Ice       ##......     16%         3    ##.....


Dungeon Overview and Level Annotations

Branches:
Dungeon (4/15)             Temple (1/1) D:4

Altars:
Dithmenos
Elyvilon
Fedhas
Hepliaklqana
Kikubaaqudgha
Makhleb
Nemelex Xobeh
Okawaru
Qazlal
Ru
Sif Muna
Trog
Uskayaw
Xom
Yredelemnul
Zin


Innate Abilities, Weirdness & Mutations

You are too large for most types of armour.
You have tough skin. (AC +1)


Message History

You freeze the ogre.
The ogre is heavily wounded.
The ogre hits you with a giant club.
* * * LOW HITPOINT WARNING * * *
Casting: Freeze
Confirm with . or Enter, or press ? or * to list all spells.
Aiming: Freeze
Press: ? - help, Shift-Dir - straight line, f/p - ogre
Aim: an ogre, wielding a giant club (heavily wounded)
You freeze the ogre.
The ogre is severely wounded.
Casting: Freeze
Confirm with . or Enter, or press ? or * to list all spells.
Aiming: Freeze
Press: ? - help, Shift-Dir - straight line, f/p - ogre
Aim: an ogre, wielding a giant club (severely wounded)
You freeze the ogre.
The ogre is severely wounded.
The ogre hits you with a giant club!!
You die...

....#.......#
#........#...#.# #
#############
#....P...#...#.###
#..####..'(..#....
#..#.)#..#####..##
#..#(.'...#..#..#
#..####...'.)#..#
#.........####..#
#..............##
#@##############
#O#########
#..........
#.#...#...#
#..........
###...#...#
.........
#########


You could see an ogre.

Vanquished Creatures
  A centaur (D:3)
  2 hounds
  A centaur skeleton (D:4)
  A worker ant (D:4)
  5 adders
  An ooze (D:1)
  4 worms
  2 dart slugs
  3 leopard geckos
  22 orcs
  2 giant cockroaches
  10 goblins
  6 hobgoblins
  12 jackals
  2 quokkas
  2 ball pythons
  14 bats
  3 frilled lizards
  A jackal skeleton (D:3)
  13 kobolds
  A leopard gecko skeleton (D:4)
  6 rats
114 creatures vanquished.

Notes
Turn   | Place    | Note
-------+----------+-------------------------------------------
     0 | D:1      | Jannitor the Ogre Ice Elementalist began the quest for the Orb.
     0 | D:1      | Reached XP level 1. HP: 16/16 MP: 3/3
   402 | D:1      | Reached XP level 2. HP: 23/26 MP: 0/5
   403 | D:1      | Reached skill level 3 in Spellcasting
   490 | D:1      | Reached skill level 1 in Fighting
   732 | D:1      | Reached XP level 3. HP: 27/35 MP: 2/7
  1848 | D:2      | Reached XP level 4. HP: 44/44 MP: 5/9
  2189 | D:2      | Found a burning altar of Makhleb.
  2548 | D:3      | Reached skill level 4 in Spellcasting
  2548 | D:3      | Reached XP level 5. HP: 26/53 MP: 2/11
  3107 | D:3      | Found a white marble altar of Elyvilon.
  3161 | D:3      | Noticed a centaur
  3167 | D:3      | Killed a centaur
  3167 | D:3      | Reached XP level 6. HP: 44/62 MP: 6/12
  4070 | D:4      | Reached skill level 5 in Spellcasting
  4238 | D:4      | Found a staircase to the Ecumenical Temple.
  4396 | Temple   | Entered the Ecumenical Temple
  4416 | Temple   | Became a worshipper of Warmaster Okawaru
  4917 | D:4      | Learned a level 3 spell: Ozocubu's Armour
  4934 | D:4      | Mangled by an ogre

Skill      XL: |  1  2  3  4  5  6 |
---------------+-------------------+-----
Spellcasting   | 3 4 5 |  5.1
Fighting       | 1 2 3 4 |  4.6
Ice Magic      | 3 4 |  4.3
Dodging        | |  1.7
Stealth        | |  1.4
Conjurations   | |  0.8

Action                   |  1- 3 |  4- 6 || total
-------------------------+-------+-------++-------
Melee: Unarmed           |     7 |       ||     7
       Whip              |     6 |    32 ||    38
 Cast: Freeze            |    65 |   138 ||   203
       Ozocubu's Armour  |       |     1 ||     1
  Eat: Chunk             |     2 |    10 ||    12
Armor: Robe              |    30 |    22 ||    52
Dodge: Dodged            |    35 |    76 ||   111
